 Dungeon Sprint DCSS version 0.16.1-11-g651b585 (webtiles) character file.

208 Ryushun the Grappler (level 5, -2/50 (51) HPs)
             Began as a Ghoul Monk on Mar 30, 2015.
             Slain by Sonja
             ... wielding a +0 short sword of draining
              (3 damage)
             ... in the Dungeon (Sprint I: "Red Sonja").
             The game lasted 00:02:51 (322 turns).

Ryushun the Grappler (Ghoul Monk)                    Turns: 322, Time: 00:02:51

HP:   -2/50 (51)    AC:  2    Str: 16    XL:     5   Next: 86%
MP:   4/4           EV: 14    Int:  5    God:
Gold: 189           SH:  0    Dex: 11    Spells: 0 memorised, 4 levels left

rFire  . . .     SeeInvis .       - Unarmed
rCold  + . .     Clarity  .     a - +0 robe
rNeg   + + +     SustAb   .     (no shield)
rPois  ∞         Gourm    .     (no helmet)
rElec  .         Spirit   .     (no cloak)
rCorr  .         Warding  .     (no gloves)
rMut   .         NoTele   +     (no boots)
MR     .....                    (no amulet)
Stlth  ++........               (no ring)
                                (no ring)

@: rotting, not resistant to hostile enchantments, unstealthy
A: rotting body, claws 1, carnivore 3, cold resistance 1, negative energy
resistance 3, poison resistance, slow healing 1, torment resistance, unbreathing
a: no special abilities


You were in the Dungeon.
You were not hungry.

You visited 1 branch You collected 189 gold pieces.

Inventory:

Hand weapons
 f - a +0 giant spiked club
 h - a +3 scythe of slicing
 j - a +0 rapier
Armour
 a - a +0 robe (worn)
 i - a +0 robe
Magical staves
 k - an uncursed staff of cold {unknown}
Scrolls
 g - a scroll of blinking
Potions
 b - a potion of curing
 d - a potion of haste
 e - 2 potions of magic


   Skills:
 + Level 6.6 Fighting
 + Level 5.5 Dodging
 + Level 3.4 Stealth
 + Level 10.2 Unarmed Combat


You had 4 spell levels left.
You didn't know any spells.

Dungeon Overview and Level Annotations

Branches:
Dungeon (1/1)

Altars:
Sif Muna
Vehumet

Annotations:
D Sonja


Innate Abilities, Weirdness & Mutations

Your body is rotting away.
You thrive on raw meat.
You have sharp fingernails.
You are carnivorous and can eat meat at any time.
Your flesh is cold resistant.
You are immune to negative energy.
Your system is resistant to poisons.
You heal slowly when monsters are visible.
You are immune to unholy pain and torment.
You can survive without breathing.


Message History

Sonja hits you with an uncursed short sword of draining.
* * * LOW HITPOINT WARNING * * *
Sonja barely misses you. Sonja closely misses you. Sonja barely misses you.
You scratch Sonja.
Sonja is moderately wounded.
Sonja closely misses you.
Sonja hits you with an uncursed short sword of draining.
* * * LOW HITPOINT WARNING * * *
Sonja misses you.
You closely miss Sonja. Your claw misses Sonja.
Sonja is moderately wounded.
Sonja hits you with an uncursed short sword of draining!
* * * LOW HITPOINT WARNING * * *
Sonja hits you with an uncursed short sword of draining.
* * * LOW HITPOINT WARNING * * *
Sonja hits you but does no damage.
You miss Sonja.
Sonja is moderately wounded.
Sonja hits you with an uncursed short sword of draining.
You die...

################
#<.#..'..#..'..#
#..'..#..'..#..+
#..#####'#####'#
#..# #..#(((#.#
#..# ####$(##.#
#..# ##'#..+
#⌠⌠# +(K._# ####
#_@#+# ##'# #.#
$.$ $.$# ##.##
#+#


You could see Sonja (bleeding).

Vanquished Creatures
  An ogre (D)
  Sigmund (D)
  A jelly (D)
  Ijyb (D)
4 creatures vanquished.

Notes
Turn   | Place    | Note
--------------------------------------------------------------
     0 | D        | Ryushun, the Ghoul Monk, began the quest for the Orb.
     0 | D        | Reached XP level 1. HP: 19/19 MP: 1/1
     2 | D        | Noticed Ijyb
    10 | D        | Killed Ijyb
    10 | D        | Reached skill level 5 in Unarmed Combat
    10 | D        | Reached XP level 2. HP: 22/27 MP: 2/2
    66 | D        | Noticed an ogre
    75 | D        | Killed an ogre
    75 | D        | Reached skill level 5 in Fighting
    75 | D        | Reached skill level 8 in Unarmed Combat
    75 | D        | Reached XP level 3. HP: 33/36 MP: 3/3
    75 | D        | Reached XP level 4. HP: 38/42 MP: 3/3
   113 | D        | Noticed Sigmund
   126 | D        | Killed Sigmund
   126 | D        | Reached skill level 5 in Dodging
   126 | D        | Reached skill level 9 in Unarmed Combat
   126 | D        | Reached XP level 5. HP: 26/50 MP: 4/4
   286 | D        | Found a deep blue altar of Sif Muna.
   287 | D        | Noticed a jelly
   288 | D        | Found a radiant altar of Vehumet.
   297 | D        | Killed a jelly
   297 | D        | Reached skill level 10 in Unarmed Combat
   299 | D        | Noticed Sonja
   321 | D        | HP: 1/50 [Sonja/uncursed short sword of draining (2)]
   322 | D        | Slain by Sonja

Action                   |  1- 3 |  4- 6 || total
-------------------------+-------+-------++-------
Melee: Unarmed           |    11 |    20 ||    31
  Use: Potion            |       |     1 ||     1
 Stab: Sleeping          |     1 |       ||     1
